cohdb
Replays
Latest Replays
All Replays
Popular Replays
Top Player Replays
Match Explorer
How It Works
Community
CoH3 Stats
Reddit
Sign in to upload your games and track your stats! →
Sign in with Steam
Match 40852488
Unlisted
Match 40852488
Overview
Messages
Build Orders
End
Kradschützen Motorcycle Team
Selects Panzerjäger Kommand Battlegroup
250 Light Carrier
Panzergrenadier Squad
Construct Light Support Kompanie
Selects Mine Fields
2.5-tonne Medical Truck
Combat Half-tracks
Panzerjäger Squad
Construct Mechanized Kompanie
Panzerjäger Mechanized Group
Selects Defensive Positions
Panzergrenadier Squad
Construct Panzerarmee Kommand
Selects Butterfly Bomb Drop
Butterfly Bomb Drop
Armored Reserves
Veteran Squad Leaders
Rapid Advance
Butterfly Bomb Drop
Selects Tank Busters
Emergency Repair Kits
Tiger Heavy Tank
Selects Crew Shock Tactics
Crew Shock Tactics
Support Armor Elements
dl5277
Easy Noodles
Aquila
Gravey
Titans Ground Force
RAZER
Fertz
dalidalia
0
0
Comments
sign in to comment!
No comments posted yet!